 Dungeon Sprint DCSS version 0.22.0-16-gc6d26f6 (webtiles) character file.

278 poirepourri the Bludgeoner (level 8, 0/55 HPs)
             Began as a Gargoyle Fighter on Aug 17, 2018.
             Was the Champion of Cheibriados (penitent).
             Slain by a naga warlord
             ... wielding a +0 short sword
              (3 damage)
             ... in the Dungeon (Sprint VI: "Thunderdome").
             The game lasted 00:03:10 (595 turns).

poirepourri the Bludgeoner (Gargoyle Fighter)        Turns: 595, Time: 00:03:11

Health: 0/55       AC: 12    Str: 24    XL:     8   Next: 77%
Magic:  8/8        EV:  4    Int: 12    God:    Cheibriados [*]
Gold:   210        SH: 10    Dex: 15    Spells: 7/7 levels left

rFire    + . .     SeeInvis .   a - +0 flail
rCold    + + .     Gourm    .   c - +0 shield
rNeg     + . .     Faith    .   b - +0 scale mail
rPois    ∞         Spirit   .   (no helmet)
rElec    +         Reflect  .   (no cloak)
rCorr    .         Harm     .   (no gloves)
MR       .....     NoTele   +   (no boots)
Stlth    ..........             r - amulet of Guixzedd {rF+ Regen+ Dex+4}
HPRegen  0.58/turn              q - ring of Barud {rC++ Int+3 Stlth-}
MPRegen  0.11/turn              p - ring "Wohuamni" {Str+4 Stlth-}

@: hasted, constricted, slow
A: negative energy resistance 1, electricity resistance, unbreathing,
petrification resistance, rot immunity, AC +5
a: Renounce Religion


You were in the Dungeon.
You worshipped Cheibriados.
Cheibriados was demanding penance.
You were not hungry.

You visited 1 branch You collected 600 gold pieces.
You spent 390 gold pieces at shops.

Inventory:

Hand Weapons
 a - a +0 flail (weapon)
Armour
 b - a +0 scale mail (worn)
 c - a +0 shield (worn)
Jewellery
 p - the ring "Wohuamni" (right hand) {Str+4 Stlth-}
   (You bought it in a shop in the Dungeon)

   [ring of attention]

   It affects your strength (+4).
   It makes you less stealthy.
 q - the ring of Barud (left hand) {rC++ Int+3 Stlth-}
   (You bought it in a shop in the Dungeon)

   [ring of attention]

   It affects your intelligence (+3).
   It greatly protects you from cold.
   It makes you less stealthy.
 r - the amulet of Guixzedd (around neck) {rF+ Regen+ Dex+4}
   (You bought it in a shop in the Dungeon)

   [amulet of regeneration]

   It affects your dexterity (+4).
   It protects you from fire.
   It increases your rate of regeneration.
Wands
 m - a wand of acid (2)
 n - a wand of iceblast (5)
Scrolls
 k - 4 scrolls of blinking
 o - 3 scrolls of fog
Potions
 g - 4 potions of heal wounds
 h - 3 potions of haste
 i - 2 potions of magic
 j - a potion of berserk rage
 l - a potion of resistance
Comestibles
 f - a ration


   Skills:
 + Level 8.5 Fighting
 - Level 16.5 Maces & Flails
 - Level 3.2 Armour
 - Level 3.2 Shields


You had 7 spell levels left.
You didn't know any spells.
Your spell library was empty.

Dungeon Overview and Level Annotations

Branches:
Dungeon (1/1)

Altars:
Cheibriados
Dithmenos
Fedhas
Gozag
Kikubaaqudgha
Makhleb
Okawaru
Qazlal
Ru
Sif Muna
Trog
Uskayaw
Vehumet
Wu Jian
Xom
Yredelemnul
Zin
The Shining One
Beogh
Jiyva
Lugonu

Shops:
D *[%??*?*:[((!!!!


Innate Abilities, Weirdness & Mutations

You are resistant to torment.
Your stone body is resilient. (AC +5)
You are immune to poison.
You resist negative energy. (rN+)
You are resistant to electric shocks. (rElec)
You can survive without breathing.
You are immune to petrification.
You are immune to rotting.


Message History

The naga warlord constricts you.
You hit the naga warlord.
The naga warlord is lightly wounded.
You sock the naga warlord!
The naga warlord is moderately wounded.
You block the naga warlord's attack.
* * * LOW HITPOINT WARNING * * *
The naga warlord constricts you. The naga warlord blocks your attack.
The naga warlord is moderately wounded.
The naga warlord spits poison at you. The splash of poison hits you!
You resist.
* * * LOW HITPOINT WARNING * * *
The naga warlord constricts you.
You hit the naga warlord.
The naga warlord is moderately wounded.
You barely miss the naga warlord.
The naga warlord is moderately wounded.
The naga warlord hits you with a short sword.
You die...

.........###...###..........⌠#
.........# #.<÷# #..........⌠#
.........###...###..........⌠#
............###.............##
#∩.......÷8.# #.8........∩###
##∩_._......###......___∩##
######.8...÷.....8.######
#⌠...((.(....⌠#
###..((..N@.### #_...(..._#
#_....((._# #_....(.._#
#∩...(...∩# ##∩.....∩##
##.)...## ##⌠⌠⌠## #####


You could see a naga warlord.

Vanquished Creatures
  A salamander (D)
  Prince Ribbit (D)
  2 blink frogs (D)
  A wolf (D)
  3 bullfrogs (D)
  A gnoll sergeant (D)
  2 scorpions (D)
  2 hounds (D)
  2 gnolls (D)
  A worm (D)
  8 giant cockroaches (D)
24 creatures vanquished.

Notes
Turn   | Place    | Note
-------+----------+-------------------------------------------
     0 | D        | poirepourri the Gargoyle Fighter began the quest for the Orb.
     0 | D        | Reached XP level 1. HP: 14/14 MP: 1/1
     3 | D        | Found a sacrificial altar of Ru.
     3 | D        | Found a snail-covered altar of Cheibriados.
     4 | D        | Found a bloodstained altar of Trog.
     5 | D        | Found a radiant altar of Vehumet.
     5 | D        | Found a glowing golden altar of the Shining One.
     5 | D        | Round 1.
     6 | D        | Found Colucut's Delicious Food.
     6 | D        | Found a burning altar of Makhleb.
     6 | D        | Found Fokk's Identification Station.
     7 | D        | Found Gujinast's Jewellery.
     7 | D        | Found Pyqaffec's Advanced Armour.
     7 | D        | Noticed a scorpion
    15 | D        | Bought an ancient lapis lazuli ring for 45 gold pieces
    15 | D        | Bought a translucent marble ring for 45 gold pieces
    15 | D        | Bought a faintly glowing ivory amulet for 45 gold pieces
    15 | D        | Identified the ring of Barud {rC++ Int+3 Stlth-} (You bought it in a shop in the Dungeon)
    24 | D        | Killed a scorpion
    24 | D        | Reached skill level 7 in Maces & Flails
    24 | D        | Reached XP level 2. HP: 19/19 MP: 2/2
    24 | D        | Reached XP level 3. HP: 23/23 MP: 3/3
    26 | D        | Identified the ring "Wohuamni" {Str+4 Stlth-} (You bought it in a shop in the Dungeon)
    27 | D        | Identified the amulet of Guixzedd {rF+ Regen+ Dex+4} (You bought it in a shop in the Dungeon)
    28 | D        | Bought a clouded wooden ring for 45 gold pieces
    29 | D        | Identified the ring "Woneutwu" {rElec rPois} (You bought it in a shop in the Dungeon)
    75 | D        | Found Qickiaru's Magic Scroll Shop.
    76 | D        | Found Mezxouda's Magic Scroll Shop.
    76 | D        | Found Odghynk's Must-Have Magic.
    80 | D        | Became a worshipper of Cheibriados the Contemplative
    81 | D        | Found a blossoming altar of Fedhas.
    81 | D        | Found a hide-covered altar of Uskayaw.
    81 | D        | Found a corrupted altar of Lugonu.
    81 | D        | Found Goehet's Staff Store.
    85 | D        | Found a shadowy altar of Dithmenos.
    88 | D        | Found a glowing silver altar of Zin.
    89 | D        | Found an ancient bone altar of Kikubaaqudgha.
    89 | D        | Found Esoaw's Distillery.
    90 | D        | Found Erisaat's Distillery.
    90 | D        | Found Vizeapho's Bottled Wisdom.
    91 | D        | Found a deep blue altar of Sif Muna.
    91 | D        | Found a shimmering altar of Xom.
    91 | D        | Found a basalt altar of Yredelemnul.
    91 | D        | Found Ocrom's Do-It-Yourself Clinic.
    95 | D        | Found an ornate altar of the Wu Jian Council.
    96 | D        | Found a stormy altar of Qazlal.
    97 | D        | Found a viscous altar of Jiyva.
    98 | D        | Found Firarrixy's Weapon Rack.
    99 | D        | Found Dudit's Basic Armour.
    99 | D        | Found Tyilum's Miscellaneous Merchandise.
   100 | D        | Found an opulent altar of Gozag.
   100 | D        | Found an iron altar of Okawaru.
   100 | D        | Found a roughly hewn altar of Beogh.
   100 | D        | Found Xuruzess's Premium Goods.
   108 | D        | Noticed a scorpion
   119 | D        | Killed a scorpion
   119 | D        | Reached skill level 9 in Maces & Flails
   119 | D        | Reached XP level 4. HP: 28/28 MP: 4/4
   123 | D        | Reached * piety under Cheibriados
   127 | D        | Arena points: 12 (+12) [x2]
   181 | D        | Round 2.
   194 | D        | Reached ** piety under Cheibriados
   217 | D        | Reached *** piety under Cheibriados
   257 | D        | Reached **** piety under Cheibriados
   257 | D        | Arena points: 54 (+42) [x3]
   293 | D        | Round 3.
   296 | D        | Noticed a bullfrog
   300 | D        | Killed a bullfrog
   300 | D        | Reached skill level 11 in Maces & Flails
   300 | D        | Reached XP level 5. HP: 23/32 MP: 5/5
   368 | D        | Noticed a blink frog
   381 | D        | Killed a blink frog
   381 | D        | Reached skill level 13 in Maces & Flails
   381 | D        | Reached XP level 6. HP: 22/37 MP: 6/6
   383 | D        | Noticed a blink frog
   397 | D        | Killed a blink frog
   397 | D        | Reached ***** piety under Cheibriados
   397 | D        | Reached skill level 14 in Maces & Flails
   397 | D        | Reached XP level 7. HP: 32/41 MP: 7/7
   400 | D        | Reached skill level 15 in Maces & Flails
   404 | D        | Noticed Prince Ribbit
   416 | D        | Killed Prince Ribbit
   416 | D        | Arena points: 138 (+84) [x4]
   416 | D        | Reached skill level 16 in Maces & Flails
   416 | D        | Reached XP level 8. HP: 46/46 MP: 8/8
   433 | D        | Bought 3 potions of heal wounds for 105 gold pieces
   433 | D        | Bought 3 potions of heal wounds for 105 gold pieces
   438 | D        | Round 4.
   490 | D        | HP: 1/46 [gnoll sergeant/trident of distortion (5)]
   524 | D        | Reached ****** piety under Cheibriados
   524 | D        | Arena points: 278 (+140) [x5]
   553 | D        | Round 5.
   554 | D        | Noticed a salamander
   570 | D        | Killed a salamander
   574 | D        | Noticed a naga warlord
   587 | D        | Was placed under penance by Cheibriados
   595 | D        | Slain by a naga warlord

Skill      XL: |  1  2  3  4  5  6  7  8 |
---------------+-------------------------+-----
Maces & Flails | 7 9 11 13 14 16 | 16.5
Fighting       | 8 |  8.5
Armour         | |  3.2
Shields        | |  3.2

Action                   |  1- 3 |  4- 6 |  7- 9 || total
-------------------------+-------+-------+-------++-------
Melee: Flail             |    17 |    35 |    68 ||   120
Evoke: Wand              |       |       |     3 ||     3
  Use: Potion            |     1 |     3 |     5 ||     9
Armor: Scale mail        |    11 |    16 |    22 ||    49
Dodge: Dodged            |     4 |     4 |    12 ||    20
Block: Shield            |     8 |    20 |    39 ||    67
